 Dungeon Crawl Stone Soup version 0.30-a0-40-gc6d0f036a7 (webtiles) character file.

Game seed: 7426752557597842474

4281 drugrobin the Fighter (level 9, -2/124 HPs)
             Began as a Demigod Delver on Aug 30, 2022.
             Slain by a spriggan
             ... wielding a +0 spear
              (11 damage)
             ... in a bailey.
             The game lasted 00:25:41 (11179 turns).

drugrobin the Fighter (Demigod Delver)             Turns: 11179, Time: 00:25:42

Health: -2/124     AC:  7    Str: 15    XL:     9   Next: 85%
Magic:  11/11      EV: 12    Int: 20    God:
Gold:   471        SH:  4    Dex: 19    Spells: 1/8 levels left

rFire   . . .      SeeInvis +    a - +7 rapier of the Stork {vorpal, Contam rElec Str+2 SInv}
rCold   . . .      Faith    .    y - +0 buckler
rNeg    + + .      Spirit   .    I - +1 leather armour {rN+}
rPois   .          Reflect  .    m - +0 helmet
rElec   +          Harm     .    z - scarf {+Inv}
rCorr   .          Rampage  .    G - +0 pair of gloves
Will    .....                    i - +0 pair of boots
Stlth   ..........               (no amulet)
HPRegen 0.30/turn                b - ring of positive energy
MPRegen 0.12/turn                (no ring)

@: berserking, hasted, very quick
A: high MP 1, forlorn, divine attributes
a: Evoke Invisibility


You were in a bailey.
You visited 1 branch of the dungeon, and saw 8 of its levels.
You also visited: Bailey.

You collected 471 gold pieces.

Inventory:

Hand Weapons
 a - the +7 rapier of the Stork (weapon) {vorpal, Contam rElec Str+2 SInv}
   (You took it off a kobold brigand on level 6 of the Dungeon)

   It inflicts extra damage upon your enemies.
   Str:       It affects your strength (+2).
   rElec:     It insulates you from electricity.
   SInv:      It lets you see invisible.
   Contam:    It causes magical contamination when unequipped.
Missiles
 t - 13 poisoned darts (quivered)
 K - 3 javelins
Armour
 e - the +1 ring mail of Okawaru's Wrath {rF+ rC+ Will- SInv}
   (You found it on level 2 of the Dungeon)

   rF:        It protects you from fire.
   rC:        It protects you from cold.
   SInv:      It lets you see invisible.
   Will:      It decreases your willpower.
 i - a +0 pair of boots (worn)
 m - a +0 helmet (worn)
 y - a +0 buckler (worn)
 z - a scarf of invisibility (worn)
 D - a +1 chain mail of fire resistance
 G - a +0 pair of gloves (worn)
 I - a +1 leather armour of positive energy (worn)
Magical Staves
 J - a staff of fire
Jewellery
 b - a ring of positive energy (left hand)
Wands
 g - a wand of digging (2)
 F - a wand of flame (5)
Scrolls
 c - a scroll of fog
 d - a scroll of magic mapping
 k - 3 scrolls of teleportation {unknown}
 o - a scroll of torment
 p - a scroll of silence
 q - 3 scrolls of identify
 s - 2 scrolls of poison {unknown}
 u - a scroll of brand weapon
 v - a scroll of blinking
 B - 3 scrolls of butterflies
 E - 2 scrolls of enchant weapon
 H - a scroll of vulnerability {unknown}
 L - a scroll of enchant armour {unknown}
 M - a scroll of immolation {unknown}
 N - a scroll of amnesia {unknown}
Potions
 f - a potion of haste
 h - a potion of cancellation {unknown}
 j - a potion of might {unknown}
 l - 3 potions of attraction {unknown}
 n - 3 potions of curing {unknown}
 w - a potion of brilliance {unknown}
 x - a potion of ambrosia {unknown}
 A - a potion of degeneration {unknown}
 C - a potion of mutation {unknown}
 O - a potion of flight {unknown}


   Skills:
 - Level 9.0 Fighting
 + Level 5.0 Short Blades
 * Level 2.4 Dodging
 - Level 5.2 Stealth
 * Level 6.0 Hexes
 + Level 6.2 Evocations


You had one spell level left.
You knew the following spells:

 Your Spells              Type           Power      Damage    Failure   Level
a - Beastly Appendage     Tmut           0%         N/A       32%         1
b - Inner Flame           Hex/Fire       12%        N/A       28%         3
c - Summon Small Mammal   Summ           0%         N/A       32%         1
d - Ensorcelled Hibernat  Hex/Ice        24%        N/A       14%         2

Your spell library contained the following spells:

 Spells                   Type           Power      Damage    Failure   Level
 Necrotise                Necr           0%         1d4       32%         1
 Summon Guardian Golem    Hex/Summ       12%        N/A       28%         3
 Cause Fear               Hex            12%        N/A       28%         4
 Passwall                 Tmut/Erth      0%         N/A       45%         2
 Wereblood                Tmut           0%         N/A       45%         2
 Call Canine Familiar     Summ           0%         N/A       69%         3
 Spider Form              Tmut/Pois      0%         N/A       69%         3
 Swiftness                Air            0%         N/A       69%         3
 Vampiric Draining        Necr           0%         2d6       69%         3
 Agony                    Necr           0%         N/A       100%        5
 Discord                  Hex            12%        N/A       100%        8


Dungeon Overview and Level Annotations

Branches:
Dungeon (8/15)             Temple (0/1) D:7          Bailey (1/1)
   Lair: D:8-11

Shops:
D:1 =([


Innate Abilities, Weirdness & Mutations

You have an increased reservoir of magic. (+10% MP)
You shall have no god before yourself.
Your divine heritage dramatically boosts your attributes as you level up.


Message History

The spriggan seems to speed up.
Unknown command.
Unknown command.
Unknown command.
You barely miss the acid dragon.
The spriggan splashes around in the water.
Unknown command.
Unknown command.
Unknown command.
You closely miss the acid dragon. The acid dragon bites you!
* * * LOW HITPOINT WARNING * * *
The acid dragon claws you.
* * * LOW HITPOINT WARNING * * *
Unknown command.
Unknown command.
Unknown command.
Unknown command.
You puncture the acid dragon!
The acid dragon is heavily wounded.
The spriggan splashes around in the water.
The acid dragon bites you but does no damage.
The acid dragon claws you.
* * * LOW HITPOINT WARNING * * *
Unknown command.
Unknown command.
Unknown command.
Unknown command.
You puncture the acid dragon!
You kill the acid dragon!
The spriggan misses you.
The spriggan hits you but does no damage.
Unknown command.
Unknown command.
Unknown command.
Unknown command.
You hit the spriggan.
The spriggan is lightly wounded.
You block the spriggan's attack.
The spriggan hits you from afar with a +0 spear!
You die...

######### ##......i##
##......i..## #
##..#♣###♣#..## ##
##..##,....♣#..## .#
##..♣#,,,,...##..##
.###.O#...♣***♣..#...#
.~~~..#O.♣♣,,,*♣@♣...#
.~~~..#..♣,,~,,♣i#~..#
.~~~..♣..~,~~~,♣.i~..#
.~~~..#..♣.,~,,♣.#~i.#
.~~~..#..♣♣.,,*♣.♣...#
.###..♣♣..*♣♣**..♣...#
.# ##.i##,,,,,..##..##
## ##..##,,,..#♣..## #
##..#######..##


You could see 2 spriggans.

Vanquished Creatures
  A two-headed ogre (D:7)
  An unseen horror (D:6)
  A wyvern (D:8)
  A spriggan (Bailey)
  An acid dragon (Bailey)
  A water moccasin (D:6)
  2 ice beasts (D:6)
  2 sky beasts (D:7)
  5 ogres
  2 centaurs
  A phantom (D:5)
  A kobold brigand (D:6)
  7 bullfrogs
  3 necrophages
  A gnoll sergeant (D:7)
  A scorpion (D:4)
  8 hounds
  5 jellies
  A gnoll bouda (D:7)
  An orc priest (D:8)
  5 iguanas
  4 orc wizards
  9 gnolls
  9 adders
  2 shadow imps (D:6)
  2 white imps
  2 worms
  2 dart slugs (D:5)
  28 orcs
  12 endoplasms
  2 giant cockroaches
  13 goblins
  8 hobgoblins
  8 quokkas
  10 ball pythons
  4 bats
  A frilled lizard (D:2)
  8 kobolds
  4 rats
179 creatures vanquished.

Vanquished Creatures (others)
  32 plants (D:3)
32 creatures vanquished.

Grand Total: 211 creatures vanquished

Notes
Turn   | Place    | Note
-------+----------+-------------------------------------------
     0 | D:5      | drugrobin the Demigod Delver began the quest for the Orb.
     0 | D:5      | Reached XP level 1. HP: 18/18 MP: 3/3
   186 | D:4      | Reached skill level 3 in Fighting
   187 | D:4      | Noticed a necrophage
   240 | D:3      | Reached XP level 2. HP: 15/26 MP: 4/4
  1143 | D:2      | Identified the +1 ring mail of Okawaru's Wrath {rF+ rC+
                  | Will- SInv}
  1867 | D:2      | Reached XP level 3. HP: 26/33 MP: 5/5
  1976 | D:1      | Reached skill level 4 in Fighting
  2093 | D:1      | Found Qejud's Antique Armour Emporium.
  2669 | D:1      | Learned a level 1 spell: Beastly Appendage
  2709 | D:1      | Found Osau's Antique Weapon Shoppe.
  2744 | D:1      | Found Icwumnaraxt's Jewellery Boutique.
  3529 | D:2      | Reached XP level 4. HP: 35/41 MP: 6/6
  4104 | D:3      | Reached skill level 5 in Fighting
  4576 | D:4      | Killed a necrophage
  4577 | D:4      | Reached XP level 5. HP: 37/50 MP: 7/7
  4662 | D:4      | Learned a level 3 spell: Inner Flame
  4779 | D:4      | Noticed an ogre
  4816 | D:5      | Noticed a centaur
  4836 | D:5      | Killed a centaur
  4837 | D:5      | Reached skill level 6 in Fighting
  4882 | D:5      | Reached XP level 6. HP: 41/58 MP: 8/8
  5203 | D:5      | Reached skill level 7 in Fighting
  5714 | D:5      | Reached XP level 7. HP: 50/66 MP: 9/9
  6038 | D:6      | Reached skill level 1 in Evocations
  6615 | D:6      | Noticed an unseen horror
  6637 | D:6      | Killed an unseen horror
  6638 | D:6      | Reached skill level 8 in Fighting
  6841 | D:6      | Learned a level 1 spell: Summon Small Mammal
  6919 | D:6      | Reached XP level 8. HP: 34/75 MP: 10/10
  6955 | D:6      | Identified the +7 rapier of the Stork {vorpal, Contam rElec
                  | Str+2 SInv}
  7654 | D:6      | Reached skill level 9 in Fighting
  7678 | D:6      | Learned a level 2 spell: Ensorcelled Hibernation
  7806 | D:6      | Reached skill level 1 in Hexes
  8185 | D:6      | Reached skill level 5 in Evocations
  8757 | D:7      | Noticed a two-headed ogre
  8803 | D:7      | Killed a two-headed ogre
  8804 | D:7      | Reached XP level 9. HP: 27/83 MP: 9/11
  9411 | D:7      | Found a staircase to the Ecumenical Temple.
 10074 | D:4      | Reached skill level 5 in Hexes
 10289 | D:8      | Reached skill level 5 in Stealth
 10611 | D:8      | Found a flagged portal.
 10620 | Bailey   | Entered a bailey
 10807 | Bailey   | Reached skill level 5 in Short Blades
 10831 | Bailey   | Noticed a two-headed ogre
 11173 | Bailey   | Identified the +7 ice dragon scales of Dramatic Exits
                  | {+Blink +Inv rF- rC++ rN+ Str+3 Stlth-}
 11179 | Bailey   | Slain by a spriggan

Illustrated notes

Levels and vault maps discovered:
D:1:      wander_arrival_estate, layout_basic, serial_shops, shop,
          nicolae_shop_statue_plus, shop, grunt_decor_one_mirror
D:2:      layout_loops_ring, basic_altar, chequers_serial_rivers_room_b,
          minmay_tetromino_s4
D:3:      wad_woods_tower, layout_basic
D:4:      layout_loops_ring, general_overflow_altar, amcnicky_altar_gilded,
          minmay_misc_feat_more_columns
D:5:      layout_rooms, kennysheep_mini
D:6:      hangedman_cross_stitches, layout_loops_ring,
          nicolae_overflow_two_pavilions, kennysheep_opposing_triangles
D:7:      layout_rooms, nicolae_ru_path_of_blood, nemelex_diamond_rough_becter,
          temple_hall, minmay_puff
D:8:      layout_loops_ring, enter_bailey_8, chequers_jeans
Bailey:   bailey_polearm_enchanted_keep_hellmonk, bailey

Skill      XL: |  1  2  3  4  5  6  7  8  9 |
---------------+----------------------------+-----
Fighting       | 3 4 5 6 7 8 9 |  9.0
Evocations     | 3 5 6 |  6.2
Short Blades   | 4 5 |  5.0
Hexes          | 4 6 |  6.0
Stealth        | 5 |  5.2
Dodging        | 2 |  2.4

Action                   |  1- 3 |  4- 6 |  7- 9 || total
-------------------------+-------+-------+-------++-------
Melee: Short sword       |   191 |   160 |   100 ||   451
       Long sword        |    11 |       |       ||    11
       Punch             |     3 |     1 |     5 ||     9
       Kick              |       |     1 |     1 ||     2
       Headbutt          |       |     1 |     1 ||     2
       Rapier            |       |       |   166 ||   166
Throw: Stone             |     8 |       |       ||     8
       Dart              |       |    17 |    25 ||    42
       Javelin           |       |     1 |     5 ||     6
 Cast: Beastly Appendage |       |     1 |     2 ||     3
       Summon Small Mamm |       |       |    10 ||    10
       Ensorcelled Hiber |       |       |     9 ||     9
       Inner Flame       |       |       |     1 ||     1
Evoke: Wand              |       |       |    17 ||    17
  Use: Scroll            |     1 |       |    11 ||    12
       Potion            |       |       |     3 ||     3
 Stab: Sleeping          |    10 |     4 |    13 ||    27
       Distracted        |       |     1 |       ||     1
Armor: Leather armour    |    36 |    40 |    69 ||   145
       Ring mail         |       |       |     9 ||     9
Dodge: Dodged            |   130 |   106 |   152 ||   388
Block: Buckler           |       |       |    14 ||    14

Table legend: (Time is in decaauts)
 A = Elapsed time spent in this place.
 B = Non-inter-level travel time spent in this place.
 C = Inter-level travel time spent in this place.
 D = Time resting spent in this place.
 E = Time spent auto-exploring this place.
 F = Levels seen in this place.
 G = Mean time per level.
                   A        B        C        D        E       F      G
               +--------+--------+--------+--------+--------+-----+--------+
         Total |  11214 |  10825 |    389 |   2745 |   5869 |   9 | 1246.0 |
       Dungeon |  10662 |  10273 |    389 |   2359 |   5827 |   8 | 1332.8 |
        Bailey |    552 |    552 |      0 |    386 |     41 |   1 |  552.0 |
               +--------+--------+--------+--------+--------+-----+--------+

Top non-repeatable levels by time:
     D:6: 2469 daAuts
     D:2: 1603 daAuts
     D:3: 1511 daAuts
     D:5: 1346 daAuts
     D:1: 1249 daAuts
     D:7: 1081 daAuts
     D:4: 1023 daAuts
  Bailey: 552 daAuts
     D:8: 377 daAuts
